 Dungeon Crawl Stone Soup version 0.22-a0-558-gc224181 (webtiles) character file.

192 Firecrotchwizard the Chopper (level 5, -14/46 HPs)
             Began as a Minotaur Gladiator on June 26, 2018.
             Was an Initiate of Makhleb.
             Demolished by an ogre
             ... wielding a +0 giant club
              (17 damage)
             ... on level 4 of the Dungeon.
             The game lasted 00:03:32 (2643 turns).

Firecrotchwizard the Chopper (Minotaur Gladiator)   Turns: 2643, Time: 00:03:33

Health: -14/46     AC:  7    Str: 19    XL:     5   Next: 42%
Magic:  4/4        EV: 11    Int:  5    God:    Makhleb [......]
Gold:   147        SH:  0    Dex: 12    Spells: 4/4 levels left

rFire    . . .     SeeInvis .   a - +0 war axe
rCold    . . .     Gourm    .   (no shield)
rNeg     . . .     Faith    .   l - +0 scale mail
rPois    .         Spirit   .   c - +0 hat
rElec    .         Reflect  .   (no cloak)
rCorr    .         Harm     .   o - +0 pair of gloves
MR       .....                  (no boots)
Stlth    ..........             (no amulet)
HPRegen  0.15/turn              (no ring)
MPRegen  0.09/turn              (no ring)

@: no status effects
A: retaliatory headbutt, horns 2
a: Renounce Religion


You were on level 4 of the Dungeon.
You worshipped Makhleb.
Makhleb was noncommittal.
You were not hungry.

You visited 2 branches of the dungeon, and saw 5 of its levels.

You collected 147 gold pieces.

Inventory:

Hand Weapons
 a - a +0 war axe (weapon)
Missiles
 d - 3 throwing nets {=f, !d}
Armour
 c - a +0 hat (worn)
 l - a +0 scale mail (worn)
   (You found it on level 1 of the Dungeon)
 o - a +0 pair of gloves (worn)
   (You found it on level 2 of the Dungeon)
Scrolls
 e - 2 scrolls of remove curse {unknown}
 g - 3 scrolls of teleportation {unknown}
 j - 3 scrolls of fog {unknown}
 k - 3 scrolls of enchant weapon {unknown}
 n - 2 scrolls of immolation {unknown}
 p - 2 scrolls of amnesia {unknown}
 q - a scroll of identify {unknown}
 w - a scroll of blinking {unknown}
Potions
 b - a potion of might {unknown}
 h - a potion of cancellation {unknown}
 i - a potion of heal wounds
 r - a potion of berserk rage {unknown}
 s - 2 potions of curing {unknown}
 t - 2 potions of lignification {unknown}
 u - 2 potions of flight {unknown}
 v - a potion of mutation {unknown}
Comestibles
 f - 13 rations {@e1}
 m - 2 chunks of flesh {@w0}


   Skills:
 + Level 3.7 Fighting
 * Level 5.4 Axes
 - Level 2.0 Throwing
 + Level 2.6 Armour
 + Level 4.2 Dodging


You had 4 spell levels left.
You didn't know any spells.
Your spell library was empty.

Dungeon Overview and Level Annotations

Branches:
Dungeon (4/15)             Temple (1/1) D:4

Altars:
Ashenzari
Cheibriados
Dithmenos
Elyvilon
Gozag
Hepliaklqana
Kikubaaqudgha
Makhleb
Nemelex Xobeh
Okawaru
Qazlal
Ru
Sif Muna
Trog
Vehumet
Wu Jian
Xom
Yredelemnul
Zin
The Shining One

Annotations:
D:2 1 runed door


Innate Abilities, Weirdness & Mutations

You reflexively headbutt those who attack you in melee.
You have a pair of horns on your head.


Message History

Found a stone staircase leading up.
f - 12 rations {@e1} (gained 1)
Found a stone staircase leading down.
n - 2 scrolls labeled EJORAHI CIFUFE (gained 1)
f - 13 rations {@e1} (gained 1)
Found a stone staircase leading down.
There is a stone staircase leading down here.
You now have 139 gold pieces (gained 5).
You see here a leather armour.
Found an escape hatch in the floor.
You now have 147 gold pieces (gained 8).
You see here 21 sling bullets.
Found an escape hatch in the ceiling.
There is an escape hatch in the ceiling here.
An orc comes into view. It is wielding a flail.
An orc is nearby!
The orc closely misses you.
You hit the orc. The orc hits you with a flail.
You take 5 damage, and have 33/38 hp.
You slash the orc!
You kill the orc!
Makhleb accepts your kill.
No target in view!
No target in view!
You see here a ring mail.
Found a stone staircase leading up.
You regained 2 hp, and now have 35/38 hp.
There is a stone staircase leading up here.
Found a stone staircase leading down.
You regained 2 hp, and now have 37/38 hp.
A worker ant comes into view.
The worker ant twitches its antennae in your direction.
Health restored: 38 A worker ant is nearby!
You hit the worker ant but do no damage.
You headbutt the worker ant. The worker ant barely misses you.
You slash the worker ant! Your headbutt misses the worker ant.
You are feeling hungry.
The worker ant barely misses you. The worker ant closely misses you.
You slash the worker ant!
You kill the worker ant!
Makhleb accepts your kill.
Your Axes skill increases to level 5!
No target in view!
You may need something to eat soon, looking for food.
Can't find anything matching that.
Okay, then.
You butcher the worker ant corpse.
m - 3 chunks of flesh {@w0} Eating one of 3 chunks of flesh {@w0}.
You eat one of the 3 chunks of flesh {@w0}.
Blork the orc comes into view.
He is wielding a hand axe.
Blork the orc shouts!
You aren't carrying any items that you can evoke.
Okay, then.
It was a potion of heal wounds.
You feel much better.
An ogre comes into view. It is wielding a giant club.
Blork the orc gestures at you while chanting.
The puff of frost hits you!
You take 9 damage, and have 29/38 hp.
MASSIVE DAMAGE!!
An orc comes into view.
The orc shouts!
The orc moves out of view.
Blork the orc gestures at you while chanting.
The puff of flame hits you!
You take 4 damage, and have 25/38 hp.
You slash Blork the orc! You hit the ogre. The ogre hits you with a giant club!
Blork the orc hits you but does no damage.
You take 7 damage, and have 18/38 hp.
You slash Blork the orc! You headbutt Blork the orc. You hit the ogre.
The ogre hits you with a giant club!
* * * LOW HITPOINT WARNING * * *
Blork the orc points at you and mumbles some strange words.
The puff of flame hits you!
* * * LOW HITPOINT WARNING * * *
You take 17 damage, and have 1/38 hp.
MASSIVE DAMAGE!!
You closely miss Blork the orc. You hit the ogre.
An orc opens the door.
Blork the orc barely misses you. The ogre barely misses you.
You slash Blork the orc!
Your scale mail prevents you from hitting the ogre.
Blork the orc mumbles some strange words.
Blork the orc flickers and vanishes!
Deactivating autopickup; reactivate with Ctrl-A.
The ogre barely misses you. You furiously retaliate!
You headbutt the ogre. You barely miss something. Makhleb accepts your kill.
Reactivating autopickup.
You have reached level 5!
You feel a bit more experienced.
You hit the ogre. The ogre closely misses you. You furiously retaliate!
You headbutt the ogre, but do no damage.
MP restored: 4 You hit the ogre but do no damage.
Your headbutt misses the ogre. The ogre misses you.
You slash the ogre!
You headbutt the ogre, but do no damage.
The ogre hits you with a giant club!
You die...

##.#######. # #.#
#$...# #. # #.#
#....# .'.
.####### #.#
#....#%.#
....(... #.#
#....####.
........
#.######.....P...
.#######
#.............o..
......
#.######.O.......
......
#........@)....#
#.####
########.......#
# #######.# # # .


You could see an ogre and an orc.

Vanquished Creatures
  Blork the orc (D:4)
  A worker ant (D:4)
  An adder (D:2)
  An ooze (D:3)
  5 worms
  2 dart slugs (D:1)
  3 leopard geckos (D:1)
  An orc (D:4)
  2 ball pythons
  6 bats
  5 giant cockroaches
  5 goblins
  9 hobgoblins
  6 jackals
  4 kobolds
  2 quokkas
  4 frilled lizards
  8 rats (D:1)
66 creatures vanquished.

Notes
Turn   | Place    | Note
-------+----------+-------------------------------------------
     0 | D:1      | Firecrotchwizard the Minotaur Gladiator began the quest for the Orb.
     0 | D:1      | Reached XP level 1. HP: 18/18 MP: 0/0
   165 | D:1      | Reached XP level 2. HP: 22/25 MP: 1/1
   225 | D:1      | Reached skill level 4 in Axes
   307 | D:1      | Reached skill level 1 in Armour
   590 | D:1      | Reached XP level 3. HP: 30/30 MP: 2/2
  1053 | D:2      | Reached skill level 3 in Fighting
  1497 | D:2      | Reached XP level 4. HP: 32/38 MP: 3/3
  1577 | D:2      | Found a runed door.
  1646 | D:3      | Found a shadowy altar of Dithmenos.
  1860 | D:3      | Reached skill level 2 in Armour
  2347 | D:4      | Found a staircase to the Ecumenical Temple.
  2356 | Temple   | Entered the Ecumenical Temple
  2395 | Temple   | Became a worshipper of Makhleb the Destroyer
  2425 | D:4      | Reached skill level 4 in Dodging
  2619 | D:4      | Reached skill level 5 in Axes
  2632 | D:4      | Noticed Blork the orc
  2633 | D:4      | Noticed an ogre
  2638 | D:4      | HP: 1/38 [Blork the orc/puff of flame (9)]
  2641 | D:4      | Killed Blork the orc
  2641 | D:4      | Reached XP level 5. HP: 2/46 MP: 4/4
  2643 | D:4      | Demolished by an ogre

Vault maps used:
D:1:      minmay_arrival_nine_rooms
D:2:      first_ration, columned_hall_lemuel, uniq_crazy_yiuf_cottage
D:3:      nicolae_dithmenos_through_a_glass_darkly
D:4:      minmay_temple_entry_statues_fountains,
          corexii_item_surrounded_by_moat, corexii_shack, uniq_blork_the_orc
Temple:   grunt_wide_crystal_templ

Skill      XL: |  1  2  3  4 |
---------------+-------------+-----
Axes           | 4 5 |  5.4
Armour         | 1 2 |  2.6
Fighting       | 3 |  3.7
Dodging        | 4 |  4.2
Throwing       | |  2.0

Action                   |  1- 3 |  4- 6 || total
-------------------------+-------+-------++-------
Melee: War axe           |    91 |    58 ||   149
       Headbutt          |    12 |    14 ||    26
  Use: Potion            |       |     1 ||     1
  Eat: Chunk             |     2 |     4 ||     6
Armor: Leather armour    |     5 |       ||     5
       Ring mail         |    11 |       ||    11
       Scale mail        |    15 |    25 ||    40
Dodge: Dodged            |    56 |    33 ||    89

Table legend:
 A = Spawn XP
 B = Non-spawn XP
 C = Spawn XP percentage of total XP
 D = Spawn monster count
 E = Non-spawn monster count
 F = Spawn count percentage of total count
 G = Total turns spent on level
                    A         B        C        D         E        F      G
               +---------+---------+-------+---------+---------+-------+---------
         Total |       0 |     275 |   0.0 |       0 |      66 |   0.0 |  2643
               +---------+---------+-------+---------+---------+-------+---------
           D:1 |       0 |      51 |   0.0 |       0 |      27 |   0.0 |   928
           D:2 |       0 |      52 |   0.0 |       0 |      16 |   0.0 |   694
           D:3 |       0 |      40 |   0.0 |       0 |      19 |   0.0 |   707
           D:4 |       0 |     132 |   0.0 |       0 |       4 |   0.0 |   265
               +---------+---------+-------+---------+---------+-------+---------

Vault maps used:
D:1:      minmay_arrival_nine_rooms
D:2:      first_ration, columned_hall_lemuel, uniq_crazy_yiuf_cottage
D:3:      nicolae_dithmenos_through_a_glass_darkly
D:4:      minmay_temple_entry_statues_fountains,
          corexii_item_surrounded_by_moat, corexii_shack, uniq_blork_the_orc
Temple:   grunt_wide_crystal_templ

Table legend:
 A = Turns spent in this place as a percentage of turns spent in the entire game.
 B = Non-inter-level travel turns spent in this place as a percentage of non-inter-level travel turns spent in the entire game.
 C = Inter-level travel turns spent in this place as a percentage of turns spent in this place.
 D = Turns resting spent in this place as a percentage of non-inter-level travel turns spent in this place.
 E = Turns spent auto-exploring this place as a percentage of non-inter-level travel turns spent in this place.
 F = Non-inter-level travel turns spent in this place divided by the number of levels of this place that you've seen.
                   A       B       C       D       E      F
               +-------+-------+-------+-------+-------+----------------------
         Total | 100.0 | 100.0 |   4.8 |   9.8 |  74.0 | 503.0
       Dungeon |  98.1 |  98.4 |   4.6 |  10.0 |  73.7 | 618.8
        Temple |   1.9 |   1.6 |  18.4 |   0.0 |  87.5 |  40.0
               +-------+-------+-------+-------+-------+----------------------

Table legend:
 A = Kills in this place as a percentage of kills in entire the game.
 B = Kills by you in this place as a percentage of kills by you in the entire game.
 C = Kills by friends in this place as a percentage of kills by friends in the entire game.
 D = Other kills in this place as a percentage of other kills in the entire game.
 E = Experience gained in this place as a percentage of experience gained in the entire game.
 F = Experience gained in this place divided by the number of levels of this place that you have seen.
                   A       B       C       D       E      F
               +-------+-------+-------+-------+-------+----------------------
         Total | 100.0 | 100.0 |   N/A |   N/A | 100.0 |  55.0
       Dungeon | 100.0 | 100.0 |   N/A |   N/A | 100.0 |  68.8
               +-------+-------+-------+-------+-------+----------------------
